 Dungeon Crawl Stone Soup version 0.31.0-12-g77e489cdc1 (webtiles) character file.

Game seed: 1773471162448478903

596 Cornflakes the Ruffian (level 7, 0/67 HPs)
             Began as a Troll Fighter on Mar 6, 2024.
             Was an Initiate of Ru.
             Slain by a water moccasin (3 damage)
             ... on level 5 of the Dungeon.
             The game lasted 00:08:55 (3072 turns).

Cornflakes the Ruffian (Troll Fighter)              Turns: 3072, Time: 00:08:56

Health: 0/67       AC:  4    Str: 27    XL:     7   Next: 17%
Magic:  6/6        EV:  9    Int:  4    God:    Ru [......]
Gold:   119        SH:  7    Dex:  9    Spells: 6/6 levels left

rFire   + +          .
                       - Unarmed
rCold   + . .        b - +0 kite shield
rNeg    . . .        A - +0 animal skin
rPois   .            (helmet restricted)
rElec   .            l - scarf {rC+ rF+}
rCorr   .            (gloves unavailable)
SInv    .            (boots unavailable)
Will    .....        (no amulet)
Stlth   +            q - ring of protection from fire
HPRegen 1.11/turn    (no ring)
MPRegen 0.10/turn

%: no passive effects
@: lethally poisoned (0 -> -3)
A: large, unfitting armour, claws 3, regeneration 1, shaggy fur 1, tough skin 1
a: Renounce Religion


You were on level 5 of the Dungeon.
You worshipped Ru.
Ru was noncommittal.
You visited 2 branches of the dungeon, and saw 6 of its levels.

You collected 175 gold pieces.
You spent 56 gold pieces at shops.

Inventory:

Hand Weapons
 f - a +0 vampiric spear
Missiles
 m - 17 poisoned darts (quivered)
Armour
 a - a +0 robe
 b - a +0 kite shield (worn)
 l - a scarf of resistance (worn)
 A - a +0 animal skin (worn)
Jewellery
 q - a ring of protection from fire (left claw)
Talismans
 g - a serpent talisman
 v - a maw talisman
Wands
 s - a wand of paralysis (3)
 w - a wand of quicksilver (6)
Scrolls
 e - 5 scrolls of identify {unknown}
 i - a scroll of brand weapon {unknown}
 k - 2 scrolls of fear
 o - a scroll of revelation {unknown}
 p - a scroll of immolation {unknown}
 r - a scroll of amnesia {unknown}
 t - a scroll of torment {unknown}
 y - a scroll of summoning {unknown}
 B - a scroll of teleportation {unknown}
Potions
 c - a potion of might
 d - a potion of brilliance {unknown}
 h - a potion of ambrosia {unknown}
 j - 2 potions of curing {unknown}
 n - a potion of berserk rage {unknown}
 u - a potion of resistance {unknown}
 x - a potion of degeneration {unknown}
 z - a potion of lignification {unknown}


   Skills:
 + Level 3.5 Fighting
 - Level 0.1(0.2) Short Blades
 - Level 0.1(0.2) Long Blades
 - Level 0.2(0.5) Axes
 - Level 0.4(0.6) Maces & Flails
 - Level 0.3(0.4) Polearms
 - Level 0.1(0.4) Staves
 - Level 0.1 Ranged Weapons
 - Level 0.2 Throwing
 - Level 0.1 Armour
 - Level 2.4 Dodging
 - Level 2.6 Shields
 - Level 6.0 Unarmed Combat
 - Level 0.1 Spellcasting
 - Level 0.1 Conjurations
 - Level 0.1 Hexes
 - Level 0.1 Summonings
 - Level 0.1 Necromancy
 - Level 0.1 Translocations
 - Level 0.2 Fire Magic
 - Level 0.2 Ice Magic
 - Level 0.9 Air Magic
 - Level 0.3 Earth Magic
 - Level 0.2 Alchemy
 - Level 0.2 Invocations
 - Level 0.2 Evocations
 - Level 0.8 Shapeshifting


You had 6 spell levels left.
You didn't know any spells.
Your spell library contained the following spells:

 Spells                   Type           Power      Damage    Failure   Level
 Apportation              Tloc           0%         N/A       73%         1
 Necrotise                Necr           0%         1d4       73%         1
 Sting                    Conj/Alch      0%         1d3       73%         1
 Summon Small Mammal      Summ           0%         N/A       73%         1


Dungeon Overview and Level Annotations

Branches:
Dungeon (5/15)             Temple (1/1) D:4

Altars:
Ashenzari
Cheibriados
Elyvilon
Fedhas
Gozag
Hepliaklqana
Makhleb
Nemelex Xobeh
Okawaru
Qazlal
Ru
Uskayaw
Vehumet
Wu Jian
Xom
Yredelemnul
Zin

Shops:
D:2 ?   D:3 [


Innate Abilities, Weirdness & Mutations

You are too large for most types of armour.
You have claws for hands.
Your natural rate of healing is unusually fast.
You are covered in fur. (AC +1)
You have tough skin. (AC +1)


Message History

The gnoll sergeant is severely wounded.
The gnoll sergeant barely misses you. The gnoll hits you with a +0 spear!
You completely miss the gnoll sergeant.
The gnoll sergeant is heavily wounded.
The gnoll closely misses you.
The gnoll sergeant hits you with a +0 trident!
* * * LOW HITPOINT WARNING * * *
You claw the gnoll sergeant!
The gnoll sergeant is almost dead.
The gnoll sergeant hits you but does no damage.
The gnoll closely misses you.
You claw the gnoll sergeant!
You kill the gnoll sergeant!
The gnoll hits you but does no damage.
You scratch the gnoll.
The gnoll is heavily wounded.
A gnoll comes into view. It is wielding a +0 flail.
You block the gnoll's attack.
You mangle the gnoll!!
You kill the gnoll!
The water moccasin barely misses you.
You miss the water moccasin. The water moccasin bites you.
* * * LOW HITPOINT WARNING * * *
You mangle the water moccasin!!
The water moccasin is severely wounded.
The water moccasin bites you.
* * * LOW HITPOINT WARNING * * *
You are lethally poisoned!
The water moccasin poisons you!
You closely miss the water moccasin.
The water moccasin is severely wounded.
* * * LOW HITPOINT WARNING * * *
You feel very sick. The water moccasin barely misses you.
You block the water moccasin's attack.
You scratch the water moccasin.
The water moccasin is severely wounded.
* * * LOW HITPOINT WARNING * * *
You feel very sick. The water moccasin bites you.
You die...

## .. #.#. #.#g
#.#S### #..)@)#
##.###.## #..#
#..# #..###..#
#.......#
#..#.##.#
#....##(#
#.#..##.#
########.#...#.#


You could see a water moccasin and a gnoll.

Vanquished Creatures
  Sigmund (D:2)
  A gnoll sergeant (D:5)
  A scorpion (D:5)
  2 jellies (D:3)
  A hound (D:4)
  Ijyb (D:3)
  An iguana (D:4)
  Robin (D:2)
  4 adders
  2 gnolls (D:5)
  4 dart slugs
  A ribbon worm (D:4)
  2 orcs
  5 ball pythons
  2 bats
  12 endoplasms
  5 giant cockroaches
  5 hobgoblins
  10 jackals
  2 quokkas (D:1)
  2 frilled lizards
  8 goblins
  8 kobolds
  3 rats
84 creatures vanquished.

Notes
Turn   | Place    | Note
-------+----------+-------------------------------------------
     0 | D:1      | Cornflakes the Troll Fighter began the quest for the Orb.
     0 | D:1      | Reached XP level 1. HP: 22/22 MP: 0/0
   156 | D:1      | Reached XP level 2. HP: 26/29 MP: 1/1
   229 | D:1      | Reached skill level 3 in Unarmed Combat
   530 | D:2      | Noticed Robin
   535 | D:2      | Reached XP level 3. HP: 19/36 MP: 2/2
   540 | D:2      | Found a glowing silver altar of Zin.
   545 | D:2      | Killed Robin
   573 | D:2      | Reached skill level 4 in Unarmed Combat
   642 | D:2      | Reached XP level 4. HP: 39/44 MP: 3/3
   707 | D:2      | Noticed Sigmund
   864 | D:3      | Found Efulaps's Armour Emporium.
  1028 | D:3      | Found a sacrificial altar of Ru.
  1152 | D:3      | Found a broken altar of Ashenzari.
  1152 | D:3      | Found a glowing silver altar of Zin.
  1152 | D:3      | Found a stormy altar of Qazlal.
  1152 | D:3      | Found an opulent altar of Gozag.
  1152 | D:3      | Found a hide-covered altar of Uskayaw.
  1152 | D:3      | Found a hide-covered altar of Uskayaw.
  1162 | D:3      | Reached skill level 5 in Unarmed Combat
  1166 | D:3      | Reached XP level 5. HP: 23/50 MP: 4/4
  1299 | D:3      | Became a worshipper of Ru the Awakened
  1371 | D:3      | Noticed Ijyb
  1381 | D:3      | Killed Ijyb
  1382 | D:3      | HP: 2/50 [poisoned by Ijyb]
  1387 | D:3      | HP: 2/50 [poisoned by Ijyb]
  1933 | D:2      | Found Tischiash's Magic Scroll Emporium.
  1936 | D:2      | Bought a scroll of fear for 56 gold pieces
  2042 | D:2      | You fall into a shaft and drop 1 floor!
  2074 | D:2      | Found a faded altar of an unknown god.
  2427 | D:2      | Killed Sigmund
  2428 | D:2      | Reached skill level 6 in Unarmed Combat
  2428 | D:2      | Reached XP level 6. HP: 34/59 MP: 5/5
  2590 | D:4      | Found a staircase to the Ecumenical Temple.
  2741 | Temple   | Entered the Ecumenical Temple
  2954 | D:5      | Entered Level 5 of the Dungeon
  2977 | D:5      | Found a sparkling altar of Nemelex Xobeh.
  3029 | D:5      | Reached XP level 7. HP: 67/67 MP: 6/6
  3072 | D:5      | HP: 3/67 [poisoned by a water moccasin]
  3072 | D:5      | Slain by a water moccasin

Illustrated notes

Levels and vault maps discovered:
D:1:      nicolae_arrival_memento_mori, layout_basic
D:2:      layout_basic, basic_altar, ebering_ecumenical_altar_sacrificial,
          serial_shops, nicolae_shop_rolled_up, uniq_robin, uniq_sigmund
D:3:      cheibrodos_fertilizer, layout_loops_ring, nicolae_ru_path_of_blood,
          serial_rivers, chequers_serial_rivers_micro_c,
          chequers_serial_rivers_micro_b, chequers_serial_rivers_large_b,
          chequers_serial_rivers_micro_b, serial_shops, shop_statue, uniq_ijyb
D:4:      layout_rooms, temple_statues
D:5:      minmay_opposing_rooms, layout_loops_ring, amcnicky_altar_gilded
Temple:   nicolae_temple_bog_church

Skill      XL: |  1  2  3  4  5  6 |
---------------+-------------------+-----
Unarmed Combat | 3 4 5 6 |  6.0
Fighting       | 3 |  3.5
Short Blades   | |  0.1
Long Blades    | |  0.1
Axes           | |  0.2
Maces & Flails | |  0.4
Polearms       | |  0.3
Staves         | |  0.1
Ranged Weapons | |  0.1
Throwing       | |  0.2
Armour         | |  0.1
Dodging        | |  2.4
Shields        | |  2.6
Spellcasting   | |  0.1
Conjurations   | |  0.1
Hexes          | |  0.1
Summonings     | |  0.1
Necromancy     | |  0.1
Translocations | |  0.1
Fire Magic     | |  0.2
Ice Magic      | |  0.2
Air Magic      | |  0.9
Earth Magic    | |  0.3
Alchemy        | |  0.2
Invocations    | |  0.2
Evocations     | |  0.2
Shapeshifting  | |  0.8

Action                     |  1- 3 |  4- 6 |  7- 9 || total
---------------------------+-------+-------+-------++-------
  Melee: Unarmed           |   101 |   117 |    15 ||   233
   Stab: Sleeping          |       |     1 |       ||     1
 Armour: Robe              |    53 |    40 |       ||    93
         Animal skin       |       |    23 |    14 ||    37
  Dodge: Dodged            |    32 |    40 |    12 ||    84
  Block: Kite shield       |    38 |    32 |     7 ||    77
